 Dungeon Crawl Stone Soup version 0.28.0-45-g0d030f2227 (webtiles) character file.

Game seed: 7373487799248099704

42 zeratav the Insei (level 3, 0/20 (23) HPs)
             Began as an Octopode Transmuter on Apr 13, 2022.
             Slain by a necrophage (1 damage)
             ... on level 3 of the Dungeon.
             The game lasted 00:01:33 (2172 turns).

zeratav the Insei (Octopode Transmuter)             Turns: 2172, Time: 00:01:33

HP:   0/20 (23)     AC:  1    Str:  9    XL:     3   Next: 54%
MP:   5/6           EV: 13    Int: 15    God:
Gold: 98            SH:  0    Dex: 14    Spells: 5/6 levels left

rFire   . . .      SeeInvis .     - Unarmed
rCold   . . .      Faith    .   (no shield)
rNeg    . . .      Spirit   .   (helmet currently unavailable)
rPois   .          Reflect  .   (no amulet)
rElec   .          Harm     .   (no ring)
rCorr   .          Rampage  .   (no ring)
Will    .....                   (no ring)
Stlth   +++.......              (no ring)
HPRegen 0.06/turn               (no ring)
MPRegen 0.10/turn               (no ring)
                                (no ring)
                                (no ring)

@: appendages (expiring), heavily drained
A: tentacle spike 3, almost no armour, amphibious, 8 rings, camouflage 1,
gelatinous body 1, (nimble swimmer 1), tentacles
a: End Transformation


You were on level 3 of the Dungeon.
One of your tentacles had grown a beastly spike.
You visited 1 branch of the dungeon, and saw 3 of its levels.

You collected 98 gold pieces.


Innate Abilities, Weirdness & Mutations

One of your tentacles has grown a beastly spike.
You cannot wear most types of armour.
You are amphibious.
You can wear up to eight rings at the same time.
Your skin changes colour to match your surroundings (Stealth+).
Your rubbery body absorbs attacks. (AC +1, EV +1)
((You are camouflaged when in or above water. (Stealth+)))
You have tentacles for arms and can constrict up to eight enemies at once.


   Skills:
 + Level 1.6 Fighting
 + Level 2.4 Dodging
 + Level 1.7 Stealth
 * Level 3.6 Unarmed Combat
 - Level 2.0 Spellcasting
 - Level 2.0 Transmutations


You had 5 spell levels left.
You knew the following spells:

 Your Spells              Type           Power      Damage    Failure   Level
a - Beastly Appendage     Tmut           14%        N/A       10%         1

Your spell library contained the following spells:

 Spells                   Type           Power      Damage    Failure   Level
 Wereblood                Tmut           7%         N/A       14%         2
 Spider Form              Tmut/Pois      4%         N/A       41%         3
 Ice Form                 Ice/Tmut       4%         N/A       82%         4
 Alistair's Intoxication  Tmut/Pois      2%         N/A       99%         5
 Borgnjor's Vile Clutch   Necr/Erth      0%         N/A       99%         5
 Eringya's Noxious Bog    Tmut/Pois      2%         N/A       100%        6

Inventory:

Scrolls
 a - 4 scrolls of identify {unknown}
 d - 2 scrolls of vulnerability {unknown}
 f - a scroll of teleportation {unknown}
 g - 2 scrolls of magic mapping {unknown}
 h - a scroll of fear {unknown}
Potions
 b - a potion of ambrosia {unknown}
 c - 4 potions of brilliance {unknown}
 e - 4 potions of flight {unknown}

Dungeon Overview and Level Annotations

Branches:
Dungeon (3/15)

Altars:
Elyvilon

#########
#.......#
#.......#
......####
#.n.....#
#@## #..##
##..## ##..#
##.# #.######
#......#####
######.....##
#####..#


You could see a necrophage.


Message History

You tentacle-slap the ball python.
You kill the ball python!
No target in view!
No target in view!
No target in view!
No target in view!
No target in view!
No target in view!
No target in view!
No target in view!
No target in view!
No target in view!
Your transformation is almost over.
Your tentacle spike disappears.
You open the door.
There is an open door here.
You now have 98 gold pieces (gained 8).
There is an open door here.
An endoplasm comes into view.
Found a stone staircase leading down.
HP[+1] MP[+1]
Your hp is fully restored (23).
Your mp is fully restored (6).
One of your tentacles grows a vicious spike.
MP[-1]
You lost 1 mp, and now have 5/6 mp.
Found a stone staircase leading down.
Your transformation is almost over.
The helpless endoplasm fails to defend itself.
You tentacle-slap the endoplasm.
You pierce the endoplasm.
You kill the endoplasm!
No target in view!
No target in view!
No target in view!
No target in view!
No target in view!
No target in view!
No target in view!
No target in view!
No target in view!
No target in view!
No target in view!
No target in view!
No target in view!
No target in view!
No target in view!
g - 2 scrolls labelled KOH VIOWNEONK (gained 1)
Your tentacle spike disappears.
c - 4 ruby potions (gained 1)
A necrophage comes into view.
MP[+1]
Your mp is fully restored (6).
One of your tentacles grows a vicious spike.
MP[-1]
You lost 1 mp, and now have 5/6 mp.
The necrophage hits you.
You feel drained.
HP[-7]
You now have 22 max hp (-1).
You take 7 damage, and now have 16/22 hp.
MASSIVE DAMAGE!! (PAUSE)
You are too injured to fight recklessly!
You are too injured to fight recklessly!
You are too injured to fight recklessly!
You are too injured to fight recklessly!
You are too injured to fight recklessly!
You are too injured to fight recklessly!
You are too injured to fight recklessly!
You are too injured to fight recklessly!
You are too injured to fight recklessly!
You are too injured to fight recklessly!
You are too injured to fight recklessly!
You are too injured to fight recklessly!
You are too injured to fight recklessly!
You are too injured to fight recklessly!
You are too injured to fight recklessly!
You are too injured to fight recklessly!
You barely miss the necrophage. Your grab misses the necrophage.
The necrophage hits you.
You feel drained.
HP[-1]
You now have 21 max hp (-1).
You barely miss the necrophage. Your grab misses the necrophage.
The necrophage closely misses you.
You tentacle-slap the necrophage. You grab the necrophage.
You constrict the necrophage, but do no damage.
The necrophage hits you.
HP[-4]
You take 4 damage, and now have 11/21 hp.
You tentacle-slap the necrophage.
You pierce the necrophage, but do no damage.
You squeeze the necrophage!
Your transformation is almost over.
You constrict the necrophage. The necrophage hits you!
* * * LOW HITPOINT WARNING * * *
HP[-6]
You take 6 damage, and now have 5/21 hp.
MASSIVE DAMAGE!! (PAUSE)
You tentacle-slap the necrophage but do no damage.
You constrict the necrophage. The necrophage hits you.
* * * LOW HITPOINT WARNING * * *
You feel drained.
You die...

Skill      XL: |  1  2 |
---------------+-------+-----
Stealth        | 1 |  1.7
Fighting       | |  1.6
Dodging        | |  2.4
Unarmed Combat | |  3.6
Spellcasting   | |  2.0
Transmutations | |  2.0

Action                   || total
-------------------------++-------
Melee: Unarmed           ||    62
       Constrict         ||    20
       Tentacles         ||    14
       Kick              ||    10
       Punch             ||     1
 Cast: Beastly Appendage ||    23
 Stab: Sleeping          ||     8
Armor: Skin              ||     5
Dodge: Dodged            ||    28

Levels and vault maps discovered:
D:1:      noname_arrival_rooms_in_the_neighbourhood, layout_basic,
          shapermc_ecumenical_altar_mp_ritualfount
D:2:      layout_basic, basic_altar
D:3:      layout_rooms, okawaru_gym_becter, eino_tiny_chamber

Notes
Turn   | Place    | Note
-------+----------+-------------------------------------------
     0 | D:1      | zeratav the Octopode Transmuter began the quest for the
                  | Orb.
     0 | D:1      | Reached XP level 1. HP: 13/13 MP: 3/3
     0 | D:1      | magus.rc [v1.9.6]
   260 | D:1      | Reached XP level 2. HP: 12/18 MP: 5/5
   461 | D:1      | Found a faded altar of an unknown god.
   531 | D:1      | Reached skill level 1 in Stealth
  1059 | D:2      | You add the spells Alistair's Intoxication, Borgnjor's Vile
                  | Clutch and Eringya's Noxious Bog to your library.
  1345 | D:2      | Found a white marble altar of Elyvilon.
  1538 | D:2      | Reached XP level 3. HP: 19/23 MP: 4/6
  2165 | D:3      | Noticed a necrophage
  2171 | D:3      | HP: 5/21 [necrophage (7)]
  2172 | D:3      | HP: 1/21 [necrophage (4)]
  2172 | D:3      | Slain by a necrophage

Vanquished Creatures
  An adder (D:2)
  2 dart slugs
  5 ball pythons
  2 bats
  2 endoplasms
  2 giant cockroaches (D:2)
  A goblin (D:2)
  3 hobgoblins (D:1)
  A quokka (D:1)
  2 frilled lizards (D:2)
  2 kobolds
  6 rats
29 creatures vanquished.

Table legend:
 A = Non-vault XP
 B = Vault XP
 C = Vault XP percentage of total XP
 D = Non-vault monster count
 E = Vault monster count
 F = Vault count percentage of total count
                 A         B        C        D         E       F
            +---------+---------+-------+---------+---------+-------
      Total |      60 |       0 |   0.0 |      29 |       0 |   0.0
            +---------+---------+-------+---------+---------+-------
        D:1 |      19 |       0 |   0.0 |      10 |       0 |   0.0
        D:2 |      34 |       0 |   0.0 |      14 |       0 |   0.0
        D:3 |       7 |       0 |   0.0 |       5 |       0 |   0.0
            +---------+---------+-------+---------+---------+-------

Illustrated notes

Table legend:
 A = Kills in this place as a percentage of kills in entire the game.
 B = Kills by you in this place as a percentage of kills by you in the entire game.
 C = Kills by friends in this place as a percentage of kills by friends in the entire game.
 D = Other kills in this place as a percentage of other kills in the entire game.
 E = Experience gained in this place as a percentage of experience gained in the entire game.
 F = Experience gained in this place divided by the number of levels of this place that you have seen.
                   A       B       C       D       E      F
               +-------+-------+-------+-------+-------+----------------------
         Total | 100.0 | 100.0 |   N/A |   N/A | 100.0 |  20.0
       Dungeon | 100.0 | 100.0 |   N/A |   N/A | 100.0 |  20.0
               +-------+-------+-------+-------+-------+----------------------

Table legend: (Time is in decaauts)
 A = Elapsed time spent in this place.
 B = Non-inter-level travel time spent in this place.
 C = Inter-level travel time spent in this place.
 D = Time resting spent in this place.
 E = Time spent auto-exploring this place.
 F = Levels seen in this place.
 G = Mean time per level.
                   A        B        C        D        E       F      G
               +--------+--------+--------+--------+--------+-----+--------+
         Total |   2167 |   2137 |     30 |      0 |   1925 |   3 |  722.3 |
       Dungeon |   2167 |   2137 |     30 |      0 |   1925 |   3 |  722.3 |
               +--------+--------+--------+--------+--------+-----+--------+

Top non-repeatable levels by time:
     D:2: 1096 daAuts
     D:1: 951 daAuts
     D:3: 120 daAuts
